 Dungeon Crawl Stone Soup version 0.32-a0-128-g77eb882913 (webtiles) character file.

Game seed: 17963733256220039554

9074 zeratav the Placeless Oni (level 11, -5/113 HPs)
             Began as an Oni Warper on Feb 8, 2024.
             Was a Priest of the Shining One.
             Slain by a wraith (9 damage)
             ... on level 10 of the Dungeon.
             The game lasted 00:28:02 (15702 turns).

zeratav the Placeless Oni (Oni Warper)             Turns: 15702, Time: 00:28:03

Health: -5/113     AC:  4    Str: 21    XL:     11   Next: 40%
Magic:  0/23       EV:  9    Int: 14    God:    the Shining One [***...]
Gold:   885        SH:  0    Dex:  8    Spells: 8/14 levels left

rFire   . . .        C - +8 whip "Xuejoosa" {venom, rElec rCorr MP+9 Stlth-, mace}
rCold   . . .        (no shield)
rNeg    + . .        b - +0 troll leather armour
rPois   .            (helmet restricted)
rElec   +            (no cloak)
rCorr   +            (gloves unavailable)
SInv    .            (boots unavailable)
Will    +....        k - amulet of guardian spirit Stlth
                     m - ring of resist corrosion
HPRegen 1.18/turn    (no ring)
MPRegen 0.18/turn

%: guardian spirit
@: slowed, glowing, very slow
A: large, unfitting armour, horns 1, tough skin 1, double potion healing,
drunken brawling
a: Renounce Religion, Divine Shield, Cleansing Flame


You were on level 10 of the Dungeon.
You worshipped the Shining One.
The Shining One was most pleased with you.
You visited 2 branches of the dungeon, and saw 11 of its levels.

You collected 885 gold pieces.


Innate Abilities, Weirdness & Mutations

You are too large for most types of armour.
You have a pair of small horns on your head.
You have tough skin. (AC +1)
You gain doubled healing and magic from potions.
Whenever you drink a healing potion, you attack all around you.


   Skills:
 - Level 8.6 Fighting
 - Level 6.0 Maces & Flails
 - Level 1.0 Throwing
 - Level 2.1 Dodging
 - Level 2.4 Spellcasting
 - Level 12.0 Translocations
 + Level 7.9 Shapeshifting


You had 8 spell levels left.
You knew the following spells:

 Your Spells              Type           Power      Damage    Failure   Level
a - Blink                 Tloc           70%        N/A       1%          2
b - Manifold Assault      Tloc           35%        N/A       1%          4

Your spell library contained the following spells:

 Spells                   Type           Power      Damage    Failure   Level
 Lesser Beckoning         Tloc           70%        N/A       1%          2
 Teleport Other           Tloc           35%        N/A       1%          3
 Vhi's Electric Charge    Tloc/Air       36%        N/A       22%         4
 Static Discharge         Conj/Air       2%         3-4/arc   36%         2
 Sublimation of Blood     Necr           1%         N/A       36%         2
 Airstrike                Air            0%         2d(1-17)  95%         4
 Petrify                  Alch/Erth      1%         N/A       95%         4
 Summon Lightning Spire   Summ/Air       1%         N/A       95%         4
 Borgnjor's Vile Clutch   Necr/Erth      0%         N/A       100%        5
 Irradiate                Conj/Alch      0%         3d11      100%        5
 Polar Vortex             Ice            0%         N/A       100%        9

Inventory:

Hand Weapons
 h - a +0 flail of holy wrath {mace}
   (You took it off a gnoll on level 4 of the Dungeon)
 o - a +0 giant spiked club {mace}
   (You took it off an ogre on level 4 of the Dungeon)
 y - a +1 giant club {mace}
   (You took it off an ogre on level 3 of the Dungeon)
 B - a +0 flail of protection {mace}
   (You found it on level 5 of the Dungeon)
 C - the +8 whip "Xuejoosa" (weapon) {venom, rElec rCorr MP+9 Stlth-, mace}
   (You found it on level 6 of the Dungeon)

   rElec:     It insulates you from electricity.
   MP+9:      It affects your magic capacity (+9).
   rCorr:     It protects you from acid and corrosion.
   Stlth-:    It makes you less stealthy.
Missiles
 d - 4 darts of dispersal {=fthrowing}
 G - 7 poisoned darts {throwing}
Armour
 b - a +0 troll leather armour (worn)
   (You found it on level 8 of the Dungeon)
 L - a +2 robe of positive energy
   (You took it off a wight on level 9 of the Dungeon)
Jewellery
 k - an amulet of guardian spirit (around neck)
   (You found it on level 1 of the Dungeon)
 m - a ring of resist corrosion (left hand)
   (You found it on level 2 of the Dungeon)
 w - an amulet of magic regeneration
   (You found it on level 3 of the Dungeon)
 K - a ring of ice
   (You found it on level 9 of the Dungeon)
Talismans
 I - a blade talisman
   (You found it on level 7 of the Dungeon)
 J - a storm talisman
   (You found it on level 2 of the Dungeon)
Wands
 g - a wand of mindburst (5)
   (You found it on level 9 of the Dungeon)
 t - a wand of polymorph (15)
   (You found it on level 3 of the Dungeon)
 A - a wand of light (8)
   (You found it on level 5 of the Dungeon)
 M - a wand of paralysis (3) (quivered)
   (You found it on level 9 of the Dungeon)
Scrolls
 a - 2 scrolls of torment {unknown}
 c - 2 scrolls of blinking {!r}
 i - 3 scrolls of fog
 j - 2 scrolls of fear
 n - 3 scrolls of noise {!r}
 q - a scroll of poison {!r}
 u - 3 scrolls of vulnerability {unknown}
 v - a scroll of silence {unknown}
 D - a scroll of amnesia {unknown}
 F - 7 scrolls of teleportation {unknown}
 N - 4 scrolls of identify {@r1}
Potions
 e - a potion of curing {@q1}
 l - 2 potions of brilliance {unknown}
 p - 2 potions of heal wounds {unknown}
 r - a potion of haste {@q3}
 s - a potion of magic {unknown}
 x - 3 potions of attraction {!q}
 z - 2 potions of might {unknown}
 E - a potion of mutation {unknown}
 H - a potion of lignification {unknown}
Miscellaneous
 f - a phial of floods
   (You found it on level 7 of the Dungeon)

Dungeon Overview and Level Annotations

Branches:
Dungeon (10/15) Zot: 26162  Temple (1/1) D:4 Zot: 5714    Lair (0/5) D:8
    Orc: D:9-12

Altars:
Ashenzari
Cheibriados
Dithmenos
Elyvilon
Fedhas
Gozag
Hepliaklqana
Kikubaaqudgha
Makhleb
Nemelex Xobeh
Okawaru
Qazlal
Ru
Sif Muna
Trog
Uskayaw
Vehumet
Wu Jian
Xom
Yredelemnul
Zin
The Shining One

Shops:
D:1 [   D:5 *

Annotations:
D:2 exclusion: downstairs
D:6 exclusion: 2 downstairs
D:8 exclusion: downstairs
D:9 exclusion: upstairs
D:10 4 runed translucent doors

.................######...##..###
####............##ß$|ß##..###....
#.......)....#ß....ß#.........
####............+......+..###....
..........#...#.+Q?....+..# #....
##.....##.....<.#ß....ß#..###....
#.#..##........##ß|!ß##...##....
#.##.#..........######.....##.##
##.##....[...###@# #+###....#
#).####.....##.W.# ##...#
#.####......#.#.## #.###
............# ##. #.#
..####......# ## #.#
.##.........# #.# ###.###)....##
#### ##.# #
#......######..######..#
#......................###


You could see a wraith.


Message History

You feel as though you will be slow longer.
The hornet stings you!
You feel as though you will be slow longer.
HP[-25] MP[-4]
You take 25 damage, and now have 84/113 hp.
MASSIVE DAMAGE!! (PAUSE)
You lost 4 mp, and now have 18/23 mp.
You whack the hornet!
The hornet looks as sick as possible!
You feel sick.
The hornet stings you but does no damage.
The hornet closely misses you.
HP[-1]
You take 1 damage, and now have 83/113 hp.
You hit the hornet.
The hornet looks as sick as possible!
You headbutt the hornet, but do no damage.
You feel sick.
You kill the hornet!
The troll bites you! The troll claws you. x2
HP[-14] MP[-2]
You take 14 damage, and now have 69/113 hp.
You lost 2 mp, and now have 16/23 mp.
You whack the troll! You headbutt the troll.
You feel sick. The troll bites you. The troll claws you. x2
HP[-8] MP[-1]
You take 8 damage, and now have 61/113 hp.
You lost 1 mp, and now have 15/23 mp.
You hit the troll.
The troll is poisoned.
You feel sick. The troll bites you!
* * * LOW HITPOINT WARNING * * *
The troll claws you.
* * * LOW HITPOINT WARNING * * *
The troll claws you but does no damage.
HP[-13] MP[-2]
You take 13 damage, and now have 48/113 hp.
You lost 2 mp, and now have 13/23 mp.
You hit the troll.
The troll looks as sick as possible!
You headbutt the troll!
You feel sick.
You are no longer poisoned.
The troll bites you!
* * * LOW HITPOINT WARNING * * *
The troll claws you!
* * * LOW HITPOINT WARNING * * *
The troll barely misses you.
HP[-17] MP[-4]
You take 17 damage, and now have 31/113 hp.
You lost 4 mp, and now have 9/23 mp.
You hit the troll.
The troll looks as sick as possible!
You kill the troll!
The troll leather armour is intact enough to wear.
HP[+1]
A wraith comes into view.
The wraith hits you!
* * * LOW HITPOINT WARNING * * *
There is an open door, spattered with blood here.
Things that are here:
a +0 troll leather armour; a troll corpse HP[-4] MP[-2]
You take 4 damage, and now have 28/113 hp.
You lost 2 mp, and now have 7/23 mp.
You hit the wraith but do no damage.
You feel yourself speed up. The wraith hits you!
* * * LOW HITPOINT WARNING * * *
The wraith drains your vigour!
You feel yourself slow down.
HP[-5]
You take 5 damage, and now have 23/113 hp.
You whack the wraith! The wraith hits you.
* * * LOW HITPOINT WARNING * * *
HP[-3] MP[-1]
You take 3 damage, and now have 20/113 hp.
You lost 1 mp, and now have 6/23 mp.
You hit the wraith. The wraith barely misses you. x2
HP[+1]
You hit the wraith. The wraith hits you but does no damage.
HP[+2]
You regained 2 hp, and now have 23/113 hp.
You whack the wraith! The wraith hits you!
* * * LOW HITPOINT WARNING * * *
The wraith drains your vigour!
You feel as though you will be slow longer.
HP[-7] MP[-2]
You take 7 damage, and now have 16/113 hp.
You lost 2 mp, and now have 4/23 mp.
You barely miss the wraith. The wraith hits you.
* * * LOW HITPOINT WARNING * * *
HP[-2] MP[-1]
You take 2 damage, and now have 14/113 hp.
You lost 1 mp, and now have 3/23 mp.
You hit the wraith but do no damage. You headbutt the wraith.
The wraith hits you.
* * * LOW HITPOINT WARNING * * *
The wraith drains your vigour!
You feel as though you will be slow longer.
HP[-4]
You take 4 damage, and now have 10/113 hp.
You hit the wraith but do no damage. The wraith hits you!
* * * LOW HITPOINT WARNING * * *
The wraith drains your vigour!
You feel as though you will be slow longer.
The wraith hits you!
You die...

Skill      XL: |  1  2  3  4  5  6  7  8  9 10 11 |
---------------+----------------------------------+-----
Fighting       | 3 4 5 7 8 |  8.6
Maces & Flails | 3 4 5 6 |  6.0
Translocations | 4 7 10 12 | 12.0
Shapeshifting  | 5 7 |  7.9
Throwing       | |  1.0
Dodging        | |  2.1
Spellcasting   | |  2.4

Action                     |  1- 3 |  4- 6 |  7- 9 | 10-12 || total
---------------------------+-------+-------+-------+-------++-------
  Melee: Mace              |    83 |   154 |   332 |       ||   569
         Headbutt          |     8 |    28 |    84 |    70 ||   190
         Punch             |     2 |     5 |    28 |    24 ||    59
         Whip              |       |       |    30 |   247 ||   277
  Throw: Dart              |       |       |     1 |    12 ||    13
   Cast: Blink             |       |       |     3 |     2 ||     5
  Evoke: Wand              |       |       |    15 |     7 ||    22
    Use: Scroll            |       |     5 |     5 |     3 ||    13
         Potion            |       |       |     2 |     2 ||     4
 Armour: Robe              |    52 |   122 |   344 |   175 ||   693
         Troll leather arm |       |       |       |   112 ||   112
  Dodge: Dodged            |    47 |    83 |   207 |   146 ||   483
         Form:             |       |     1 |       |       ||     1
         Storm             |       |     1 |       |       ||     1

Levels and vault maps discovered:
D:1:      onia_arrival_mini_spirals, layout_loops_ring, serial_shops,
          nicolae_shop_mannequins
D:2:      minmay_spotlight, layout_loops_ring
D:3:      layout_loops_ring, overflow_temple_1_default, minivault_25,
          saegor_snake_ambush, uniq_terence, uniq_natasha, uniq_jessica
D:4:      layout_basic, minmay_temple_entry_trees, serial_glass,
          glass_columns_c, glass_columns_a, serial_library_hellmonk_room_c
D:5:      layout_loops_corners, serial_rivers, chequers_serial_rivers_small_3,
          chequers_serial_rivers_micro_b, chequers_serial_rivers_small_3,
          chequers_serial_rivers_marsh, chequers_serial_rivers_small_3,
          nicolae_shop_fire_sale [nicolae_sub_dead_trees], uniq_eustachio
D:6:      minmay_polygon_palace, layout_basic
D:7:      layout_basic, grunt_temple_overflow_open, minmay_door_square,
          nicolae_rank_and_phial
D:8:      layout_layer_cave, eat_drink_and_be_merry_uskayaw, lair_entry_dummy,
          minmay_misc_feat_doors, uniq_pikel
D:9:      dragon1_lemuel, layout_cave_pools, serial_park, serial_park_avenue1,
          serial_park_tiny_2, serial_park_square1 [serial_park_minivault_5x5_2],
          serial_park_square3 [serial_park_minivault_5x5_2], serial_park_paths
          [serial_park_minivault_5x5_4], chequers_serial_rivers_small_b
D:10:     layout_rooms, erik_orc_1, chequers_big_river,
          minmay_hollow_rounded_squares
Temple:   nicolae_temple_no_exploring_needed

Notes
Turn   | Place    | Note
-------+----------+-------------------------------------------
     0 | D:1      | zeratav the Oni Warper began the quest for the Orb.
     0 | D:1      | Reached XP level 1. HP: 22/22 MP: 3/3
     0 | D:1      | magus.rc [v1.9.6]
     8 | D:1      | Noticed an animated storm dragon scales
    31 | D:1      | Found Usuroat's Armour Emporium.
    33 | D:1      | Noticed an animated storm dragon scales
   133 | D:1      | Reached skill level 3 in Fighting
   135 | D:1      | Reached XP level 2. HP: 28/31 MP: 5/5
   686 | D:1      | Reached XP level 3. HP: 39/39 MP: 6/6
   781 | D:2      | Reached skill level 4 in Fighting
   782 | D:2      | HP: 9/39 [kobold/+0 whip (5)]
   884 | D:2      | Reached skill level 3 in Maces & Flails
  1095 | D:2      | Reached XP level 4. HP: 32/49 MP: 7/7
  1767 | D:3      | Noticed Jessica
  1775 | D:3      | Killed Jessica
  1776 | D:3      | Reached skill level 5 in Fighting
  1776 | D:3      | Reached XP level 5. HP: 57/57 MP: 8/8
  1785 | D:3      | Noticed Natasha
  1938 | D:2      | Killed Natasha
  1939 | D:2      | Reached skill level 4 in Maces & Flails
  2102 | D:2      | Noticed Natasha
  2112 | D:2      | Killed Natasha
  2693 | D:2      | Noticed Natasha
  2701 | D:2      | HP: 14/57 [Natasha (8)]
  2704 | D:2      | Killed Natasha
  3098 | D:3      | Noticed an ogre
  3216 | D:3      | Reached XP level 6. HP: 67/67 MP: 9/9
  3398 | D:3      | Reached skill level 6 in Fighting
  3684 | D:3      | Found a hazy altar of Hepliaklqana.
  3685 | D:3      | Noticed Terence
  3693 | D:3      | Killed Terence
  3702 | D:3      | Reached skill level 5 in Maces & Flails
  4120 | D:4      | HP: 9/68 [orc priest/divine providence (11)]
  4122 | D:4      | HP: 2/68 [orc/+0 short sword (3)]
  4374 | D:4      | Reached skill level 7 in Fighting
  4435 | D:4      | Reached XP level 7. HP: 78/78 MP: 10/10
  4448 | D:4      | Found a staircase to the Ecumenical Temple.
  4458 | Temple   | Entered the Ecumenical Temple
  4465 | Temple   | Became a worshipper of the Shining One
  4538 | D:4      | HP: 17/78 [gnoll/+0 whip (4)]
  5360 | D:4      | Reached skill level 8 in Fighting
  5360 | D:4      | Reached skill level 6 in Maces & Flails
  5575 | D:4      | You fall into a shaft and drop 3 floors!
  5614 | D:6      | Reached skill level 3 in Translocations
  5753 | D:6      | Learned a level 2 spell: Blink
  5917 | D:6      | Reached skill level 4 in Translocations
  5917 | D:6      | Reached XP level 8. HP: 69/88 MP: 6/11
  6023 | D:6      | Learned a level 4 spell: Manifold Assault
  6043 | D:5      | Entered Level 5 of the Dungeon
  6347 | D:5      | Noticed Eustachio
  6530 | D:5      | Killed Eustachio
  6910 | D:5      | Reached skill level 5 in Translocations
  7598 | D:5      | Reached skill level 6 in Translocations
  7646 | D:5      | Found Lufimm's Fire Supplies.
  7664 | D:5      | Reached * piety under the Shining One
  8215 | D:6      | Reached skill level 7 in Translocations
  8410 | D:6      | Identified the +8 whip "Xuejoosa" {venom, rElec rCorr MP+9
                  | Stlth-}
  8703 | D:6      | Reached XP level 9. HP: 92/96 MP: 10/12
  8900 | D:6      | Reached skill level 8 in Translocations
  9138 | D:6      | HP: 22/96 [sky beast (5)]
  9142 | D:6      | HP: 10/96 [sky beast (5)]
  9145 | D:6      | HP: 3/96 [centaur (2)]
  9150 | D:6      | HP: 12/96 [centaur (1)]
  9474 | D:6      | Reached skill level 9 in Translocations
  9712 | D:7      | Noticed a merfolk
 10004 | D:6      | HP: 24/96 [drowned by a water elemental (6)]
 10284 | D:7      | Killed a merfolk
 10285 | D:7      | Reached skill level 10 in Translocations
 10379 | D:7      | You add the spells Sublimation of Blood, Borgnjor's Vile
                  | Clutch and Polar Vortex to your library.
 10379 | D:7      | Got the Meditations on the Loathsome Snowflakes
 10387 | D:7      | Found an ancient bone altar of Kikubaaqudgha.
 10389 | D:7      | Found a sacrificial altar of Ru.
 10783 | D:7      | Reached XP level 10. HP: 83/104 MP: 13/13
 11021 | D:7      | Reached skill level 11 in Translocations
 11599 | D:8      | HP: 25/104 [orc warrior/+1 glaive of venom (4)]
 11604 | D:8      | HP: 13/104 [poisoned by an orc warrior]
 11609 | D:8      | HP: 6/104 [poisoned by an orc warrior]
 11883 | D:8      | Noticed Pikel
 11915 | D:8      | Killed Pikel
 11926 | D:8      | Reached skill level 12 in Translocations
 12212 | D:8      | Reached ** piety under the Shining One
 12224 | D:8      | You pick up a book of Storms and begin reading...
 12224 | D:8      | You add the spells Static Discharge, Airstrike and Summon
                  | Lightning Spire to your library.
 12241 | D:8      | You pick up a book of Transmutation and begin reading...
 12241 | D:8      | You add the spells Petrify and Irradiate to your library.
 12530 | D:8      | Found a hide-covered altar of Uskayaw.
 12569 | D:8      | Found a staircase to the Lair.
 13094 | D:8      | Reached skill level 1 in Shapeshifting
 13248 | D:9      | Reached skill level 2 in Shapeshifting
 13493 | D:9      | Reached skill level 3 in Shapeshifting
 13679 | D:9      | HP: 26/106 [killer bee (1)]
 13687 | D:9      | Reached skill level 4 in Shapeshifting
 14103 | D:8      | Reached skill level 5 in Shapeshifting
 14306 | D:9      | Reached XP level 11. HP: 95/113 MP: 14/14
 14568 | D:9      | Noticed a fire dragon
 14857 | D:10     | Entered Level 10 of the Dungeon
 14857 | D:10     | Noticed a cyclops
 14857 | D:10     | Noticed a tengu warrior
 14857 | D:10     | Found a large runed translucent door.
 14857 | D:10     | Found a large runed translucent door.
 15007 | D:9      | Reached skill level 6 in Shapeshifting
 15478 | D:10     | Reached *** piety under the Shining One
 15479 | D:10     | Reached skill level 7 in Shapeshifting
 15522 | D:10     | Found a large runed translucent door.
 15522 | D:10     | Found a large runed translucent door.
 15636 | D:10     | Noticed a two-headed ogre
 15657 | D:10     | Killed a two-headed ogre
 15694 | D:10     | HP: 28/113 [wraith (6)]
 15699 | D:10     | HP: 16/113 [wraith (8)]
 15702 | D:10     | HP: 4/113 [wraith (7)]
 15702 | D:10     | Slain by a wraith

Vanquished Creatures
  A two-headed ogre (D:10)
  Pikel (D:8)
  A merfolk (D:7)
  3 trolls
  A hornet (D:10)
  A shadow (D:10)
  4 water elementals
  4 yaks
  2 wyverns
  2 steam dragons
  Eustachio (D:5)
  2 water moccasins
  3 ice beasts
  4 sky beasts
  3 orc warriors
  A black bear (D:6)
  3 ogres
  4 centaurs
  3 phantoms
  A kobold brigand (D:8)
  2 bullfrogs
  A scorpion (D:7)
  5 wights (D:9)
  16 killer bees
  7 howler monkeys
  8 electric eels
  3 hounds (D:6)
  4 jellies
  A bombardier beetle (D:3)
  A gnoll bouda (D:6)
  6 orc priests
  Terence (D:3)
  A sleepcap (D:5)
  Jessica (D:3)
  4 iguanas
  Natasha (thrice) (D:2)
  11 orc wizards
  8 adders
  4 gnolls
  A shadow imp (D:6)
  A white imp (D:6)
  An ufetubus (D:6)
  6 dart slugs
  33 orcs
  8 ball pythons
  5 endoplasms
  A giant cockroach (D:1)
  6 hobgoblins
  4 jackals (D:4)
  12 kobolds
  3 quokkas
  3 bats
  2 frilled lizards
  8 goblins
  5 rats
231 creatures vanquished.

Table legend:
 A = Non-vault XP
 B = Vault XP
 C = Vault XP percentage of total XP
 D = Non-vault monster count
 E = Vault monster count
 F = Vault count percentage of total count
                 A         B        C        D         E       F
            +---------+---------+-------+---------+---------+-------
      Total |    7878 |    5085 |  39.2 |     191 |      40 |  17.3
            +---------+---------+-------+---------+---------+-------
        D:1 |      34 |       0 |   0.0 |      18 |       0 |   0.0
        D:2 |     139 |      67 |  32.5 |      17 |       5 |  22.7
        D:3 |     249 |      76 |  23.4 |      18 |       3 |  14.3
        D:4 |     430 |       0 |   0.0 |      22 |       0 |   0.0
        D:5 |     584 |     182 |  23.8 |      15 |       1 |   6.2
        D:6 |     766 |    1313 |  63.2 |      17 |      19 |  52.8
        D:7 |     841 |     726 |  46.3 |      14 |       3 |  17.6
        D:8 |    1354 |    1164 |  46.2 |      31 |       4 |  11.4
        D:9 |    1787 |     112 |   5.9 |      21 |       1 |   4.5
       D:10 |    1680 |    1445 |  46.2 |      17 |       4 |  19.0
     Temple |      14 |       0 |   0.0 |       1 |       0 |   0.0
            +---------+---------+-------+---------+---------+-------

Skill      XL: |  1  2  3  4  5  6  7  8  9 10 11 |
---------------+----------------------------------+-----
Fighting       | 3 4 5 7 8 |  8.6
Maces & Flails | 3 4 5 6 |  6.0
Translocations | 4 7 10 12 | 12.0
Shapeshifting  | 5 7 |  7.9
Throwing       | |  1.0
Dodging        | |  2.1
Spellcasting   | |  2.4

Action                     |  1- 3 |  4- 6 |  7- 9 | 10-12 || total
---------------------------+-------+-------+-------+-------++-------
  Melee: Mace              |    83 |   154 |   332 |       ||   569
         Headbutt          |     8 |    28 |    84 |    70 ||   190
         Punch             |     2 |     5 |    28 |    24 ||    59
         Whip              |       |       |    30 |   247 ||   277
  Throw: Dart              |       |       |     1 |    12 ||    13
   Cast: Blink             |       |       |     3 |     2 ||     5
  Evoke: Wand              |       |       |    15 |     7 ||    22
    Use: Scroll            |       |     5 |     5 |     3 ||    13
         Potion            |       |       |     2 |     2 ||     4
 Armour: Robe              |    52 |   122 |   344 |   175 ||   693
         Troll leather arm |       |       |       |   112 ||   112
  Dodge: Dodged            |    47 |    83 |   207 |   146 ||   483
         Form:             |       |     1 |       |       ||     1
         Storm             |       |     1 |       |       ||     1

Illustrated notes

Table legend:
 A = Kills in this place as a percentage of kills in the entire game.
 B = Kills by you in this place as a percentage of kills by you in the entire game.
 C = Kills by friends in this place as a percentage of kills by friends in the entire game.
 D = Other kills in this place as a percentage of other kills in the entire game.
 E = Experience gained in this place as a percentage of experience gained in the entire game.
 F = Experience gained in this place divided by the number of levels of this place that you have seen.
                   A       B       C       D       E      F
               +-------+-------+-------+-------+-------+----------------------
         Total | 100.0 | 100.0 |   N/A |   N/A | 100.0 | 1178.5
       Dungeon |  99.6 |  99.6 |   N/A |   N/A |  99.9 | 1294.9
        Temple |   0.4 |   0.4 |   N/A |   N/A |   0.1 |  14.0
               +-------+-------+-------+-------+-------+----------------------

Table legend: (Time is in decaauts)
 A = Elapsed time spent in this place.
 B = Non-inter-level travel time spent in this place.
 C = Inter-level travel time spent in this place.
 D = Time resting spent in this place.
 E = Time spent auto-exploring this place.
 F = Levels seen in this place.
 G = Mean time per level.
                   A        B        C        D        E       F      G
               +--------+--------+--------+--------+--------+-----+--------+
         Total |  15739 |  14724 |   1015 |   4615 |   7635 |  11 | 1430.8 |
       Dungeon |  15454 |  14453 |   1001 |   4358 |   7635 |  10 | 1545.4 |
        Temple |    285 |    272 |     13 |    257 |      0 |   1 |  285.0 |
               +--------+--------+--------+--------+--------+-----+--------+

Top non-repeatable levels by time:
     D:6: 2710 daAuts
     D:2: 2212 daAuts
     D:8: 1743 daAuts
     D:5: 1607 daAuts
     D:7: 1498 daAuts
     D:9: 1458 daAuts
     D:3: 1423 daAuts
     D:4: 1388 daAuts
     D:1: 724 daAuts
    D:10: 687 daAuts
  Temple: 285 daAuts
